 Dungeon Crawl Stone Soup version 0.28.0-53-g5a82cb258f (webtiles) character file.

Game seed: 1480747660466581252

191 styxcanada the Covert (level 5, 0/26 HPs)
             Began as a Spriggan Brigand on July 14, 2022.
             Slain by a goblin
             ... wielding a +0 club
             ... led by Robin
              (2 damage)
             ... on level 2 of the Dungeon.
             The game lasted 00:09:25 (2360 turns).

styxcanada the Covert (Spriggan Brigand)            Turns: 2360, Time: 00:09:26

Health: 0/26       AC:  3    Str:  7    XL:     5   Next: 41%
Magic:  6/6        EV: 18    Int: 13    God:
Gold:   194        SH:  0    Dex: 18    Spells: 4/4 levels left

rFire   . . .      SeeInvis +   a - +2 dagger
rCold   . . .      Faith    .   (no shield)
rNeg    . . .      Spirit   .   b - +0 robe
rPois   .          Reflect  .   (helmet restricted)
rElec   .          Harm     .   c - +0 cloak
rCorr   .          Rampage  .   (gloves unavailable)
Will    .....                   (boots unavailable)
Stlth   ++++......              (no amulet)
HPRegen 0.08/turn               (no ring)
MPRegen 0.10/turn               (no ring)

@: mighty, very quick
A: very small, no large weapons, unfitting armour, see invisible, speed 3
a: no special abilities


You were on level 2 of the Dungeon.
You visited 1 branch of the dungeon, and saw 4 of its levels.

You collected 194 gold pieces.

Inventory:

Hand Weapons
 a - a +2 dagger (weapon)
Missiles
 d - 7 poisoned darts (quivered)
 h - 97 stones
 m - 19 sling bullets
 p - 6 boomerangs
Armour
 b - a +0 robe (worn)
 c - a +0 cloak (worn)
Scrolls
 g - a scroll of teleportation {unknown}
 k - a scroll of immolation {unknown}
 n - 2 scrolls of blinking {unknown}
 o - a scroll of magic mapping {unknown}
Potions
 f - a potion of curing
 j - a potion of ambrosia {unknown}
 l - a potion of mutation {unknown}
 q - 2 potions of brilliance {unknown}
 s - a potion of degeneration {unknown}


   Skills:
 * Level 2.2 Fighting
 + Level 2.7 Short Blades
 + Level 2.5 Throwing
 * Level 2.8 Dodging
 * Level 8.5 Stealth


You had 4 spell levels left.
You didn't know any spells.
Your spell library was empty.

Dungeon Overview and Level Annotations

Branches:
Dungeon (4/15)
 Temple: D:4-7

Altars:
Xom

Annotations:
D:2 Robin


Innate Abilities, Weirdness & Mutations

You are very small and have problems with some larger weapons.
You are too small for most types of armour.
You have supernaturally acute eyesight. (SInv)
You cover ground extremely quickly. (Speed+++)


Message History

You closely miss the kobold.
The kobold is moderately wounded.
The goblin hits you but does no damage.
You puncture the kobold!
You kill the kobold!
The endoplasm barely misses you. The goblin misses you.
You hit the endoplasm.
The endoplasm is severely wounded.
The endoplasm freezes you.
You are frozen.
The goblin closely misses you.
You puncture the endoplasm!
You kill the endoplasm!
The goblin misses you.
You closely miss the goblin. The goblin barely misses you.
The goblin closely misses you.
You barely miss the goblin. The goblin misses you. The hobgoblin misses you.
The goblin closely misses you.
You completely miss the goblin. The goblin barely misses you.
The hobgoblin hits you.
You hit the goblin.
You kill the goblin!
The goblin barely misses you. The hobgoblin misses you.
You puncture the hobgoblin!
You kill the hobgoblin!
The goblin hits you with a +0 club.
You puncture the goblin!
You kill the goblin!
The goblin hits you with a +0 club.
* * * LOW HITPOINT WARNING * * *
You miss the goblin. The goblin hits you with a +0 club.
* * * LOW HITPOINT WARNING * * *
You completely miss the goblin. The goblin misses you.
The goblin hits you but does no damage.
You closely miss the goblin.
The hobgoblin shouts!
The goblin hits you but does no damage. The goblin completely misses you.
You miss the goblin. The goblin hits you with a +0 club.
* * * LOW HITPOINT WARNING * * *
The goblin hits you with a +0 club.
You die...

###.....####....#####..........†
#.###...###.#...# ############
#.....#..#..###.# ###.####...##
#.# ###### # #.# ##..#
#.######.#P.#.#
#.#####.#####....##...PP.#
#..........#..>.......P###
####......g#.#.####..#P#
#......)@.#......####
#.....gg########## #.......#
#.......# #....g..# ####.
#####..###..... ##..g.S#
##..#### ##......#


You could see a hobgoblin and 3 goblins.

Vanquished Creatures
  A scorpion (D:3)
  Natasha (D:4)
  5 adders
  A worm (D:2)
  2 dart slugs
  6 endoplasms
  5 giant cockroaches
  11 goblins
  2 hobgoblins
  A quokka (D:4)
  8 ball pythons
  5 bats
  A frilled lizard (D:1)
  6 kobolds
  2 rats (D:1)
57 creatures vanquished.

Notes
Turn   | Place    | Note
-------+----------+-------------------------------------------
     0 | D:1      | styxcanada the Spriggan Brigand began the quest for the
                  | Orb.
     0 | D:1      | Reached XP level 1. HP: 10/10 MP: 2/2
   154 | D:1      | Reached skill level 6 in Stealth
   190 | D:1      | Reached XP level 2. HP: 15/15 MP: 3/3
   233 | D:1      | Found a faded altar of an unknown god.
  1283 | D:2      | Reached XP level 3. HP: 18/18 MP: 4/4
  1333 | D:2      | Reached skill level 7 in Stealth
  1502 | D:2      | You fall into a shaft and drop 2 floors!
  1613 | D:4      | Noticed Natasha
  1616 | D:4      | Killed Natasha
  1617 | D:4      | Reached XP level 4. HP: 23/23 MP: 5/5
  1689 | D:3      | Found a shimmering altar of Xom.
  1804 | D:3      | Noticed a scorpion
  1840 | D:3      | Killed a scorpion
  1841 | D:3      | Reached skill level 8 in Stealth
  1841 | D:3      | Reached XP level 5. HP: 22/26 MP: 6/6
  2319 | D:2      | Noticed Robin
  2360 | D:2      | Slain by a goblin

Illustrated notes

Levels and vault maps discovered:
D:1:      dpeg_arrival_round_b, layout_loops_ring,
          ebering_ecumenical_altar_hall, st_stairs_2, minmay_misc_feat_rows
D:2:      layout_rooms, minmay_misc_feat_columns, uniq_crazy_yiuf_cottage,
          uniq_robin
D:3:      layout_loops_cross, mainiacjoe_overflow_alcove_4,
          general_overflow_altar, chequers_serial_rivers_room_a, dk_vineyard_3
D:4:      nicolae_cairo_tiling, layout_basic, hangedman_decor_lopped,
          uniq_natasha

Skill      XL: |  1  2  3  4 |
---------------+-------------+-----
Stealth        | 6 7 8 |  8.5
Dodging        | 2 |  2.8
Fighting       | 2 |  2.2
Short Blades   | |  2.7
Throwing       | |  2.5

Action                   |  1- 3 |  4- 6 || total
-------------------------+-------+-------++-------
Melee: Dagger            |    69 |    78 ||   147
       Punch             |       |     1 ||     1
Throw: Dart              |    25 |     5 ||    30
       Stone             |       |     6 ||     6
  Use: Scroll            |     1 |     1 ||     2
       Potion            |       |     2 ||     2
 Stab: Sleeping          |    11 |     4 ||    15
       Distracted        |       |     1 ||     1
Armor: Robe              |     9 |    13 ||    22
Dodge: Dodged            |    40 |    53 ||    93
